 Dungeon Crawl Stone Soup version 0.30-b1-2-g02819fbbbe (webtiles) character file.

Game seed: 2093422071285961471

410 erloom the Insei (level 6, 0/70 HPs)
             Began as a Draconian Transmuter on May 15, 2023.
             Succumbed to a scorpion's poison
             ... on level 5 of the Dungeon.
             The game lasted 00:08:09 (3375 turns).

erloom the Insei (Draconian Transmuter)             Turns: 3375, Time: 00:08:11

Health: 0/70       AC:  9    Str: 10 (12) XL:     6   Next: 58%
Magic:  10/10      EV: 12    Int: 13 (15) God:
Gold:   249        SH:  5    Dex:  9 (12) Spells: 7/11 levels left

rFire   . .          .
                       - Unarmed
rCold   . . .        (no shield)
rNeg    . . .        (body armour unavailable)
rPois   .            (helmet restricted)
rElec   .            (no cloak)
rCorr   .            (no gloves)
SInv    +            d - +2 pair of boots
Will    .....        r - amulet of reflection Stlth
                     b - ring of see invisible
HPRegen 0.31/turn    (no ring)
MPRegen 0.12/turn

%: reflection
@: berserking, lethally poisoned (0 -> -1), very quick
A: AC +6, unfitting armour, cold-blooded
a: no special abilities


You were on level 5 of the Dungeon.
You visited 1 branch of the dungeon, and saw 5 of its levels.

You collected 249 gold pieces.

Inventory:

Missiles
 e - 4 javelins
 g - 2 silver javelins
 p - 26 stones
Armour
 d - a +2 pair of boots (worn)
 z - a +0 kite shield
Jewellery
 b - a ring of see invisible (left hand)
 r - an amulet of reflection (around neck)
Wands
 m - a wand of quicksilver (18)
 y - a wand of flame (16)
Scrolls
 c - 3 scrolls of teleportation {unknown}
 f - 2 scrolls of enchant weapon {unknown}
 i - 5 scrolls of identify {unknown}
 j - 2 scrolls of fear {unknown}
 o - 2 scrolls of poison {unknown}
 q - 2 scrolls of fog {unknown}
 u - 2 scrolls of vulnerability {unknown}
 v - a scroll of silence {unknown}
 A - a scroll of blinking {unknown}
Potions
 a - 3 potions of lignification
 h - a potion of berserk rage
 k - a potion of heal wounds {unknown}
 l - 2 potions of attraction {unknown}
 n - 2 potions of brilliance {unknown}
 s - a potion of might {unknown}
 t - 3 potions of degeneration
 w - 2 potions of curing {unknown}
 x - a potion of haste {unknown}


   Skills:
 - Level 1.1 Fighting
 - Level 1.7 Dodging
 + Level 5.5 Unarmed Combat
 - Level 3.0 Spellcasting
 + Level 4.1 Transmutations
 - Level 2.0 Poison Magic


You had 7 spell levels left.
You knew the following spells:

 Your Spells              Type           Power      Damage    Failure   Level
a - Beastly Appendage     Tmut           24%        N/A       4%          1
b - Spider Form           Tmut/Pois      9%         N/A       21%         3

Your spell library contained the following spells:

 Spells                   Type           Power      Damage    Failure   Level
 Wereblood                Tmut           12%        N/A       6%          2
 Apportation              Tloc           2%         N/A       22%         1
 Freeze                   Ice            4%         1d3       22%         1
 Frozen Ramparts          Ice            2%         1d1       56%         3
 Hailstorm                Conj/Ice       1%         3d3       56%         3
 Ice Form                 Ice/Tmut       7%         N/A       69%         4
 Alistair's Intoxication  Tmut/Pois      6%         N/A       88%         5


Dungeon Overview and Level Annotations

Branches:
Dungeon (5/15)
 Temple: D:4-7

Altars:
Elyvilon
Ru

Shops:
D:1 (


Innate Abilities, Weirdness & Mutations

Your plain brown scales are hard. (AC +6)
You cannot fit into any form of body armour.
You are cold-blooded and may be slowed by cold attacks.


Message History

* * * LOW HITPOINT WARNING * * *
You feel sick. The scorpion barely misses you.
Unknown command.
Unknown command.
Okay, then.
Really quaff the potion of lignification?
Okay, then.
You barely miss the scorpion. Your kick misses the scorpion.
You headbutt the scorpion, but do no damage.
You tail-slap the scorpion.
The scorpion is severely wounded.
* * * LOW HITPOINT WARNING * * *
You feel sick. The scorpion misses you.
Unknown command.
Unknown command.
It was a potion of degeneration.
There was something very wrong with that liquid.
You feel weakened.
You feel dopey.
You feel clumsy.
Your horns disappear.
Your talons disappear.
Your +2 pair of boots unmelds from your body.
* * * LOW HITPOINT WARNING * * *
You feel sick. You block the scorpion's attack.
It was a potion of berserk rage.
A red film seems to cover your vision as you go berserk!
You feel yourself moving faster!
You feel mighty!
* * * LOW HITPOINT WARNING * * *
You feel sick. You block the scorpion's attack.
Unknown command.
Unknown command.
You are too berserk!
You hit the scorpion.
The scorpion is almost dead.
You block the scorpion's attack.
You closely miss the scorpion.
The scorpion is almost dead.
* * * LOW HITPOINT WARNING * * *
You feel sick. The scorpion closely misses you.
You punch the scorpion!
You kill the scorpion!
You die...

#. .## ##.####
...##.....#
.........<#
..........#####
...##.....<.....
!.........######
#..####$#.# #.
#@#.# #.#.#
#.#.# #.#.# #.#
... #.# #.#


There were no monsters in sight!

Vanquished Creatures
  Blork the orc (D:4)
  2 scorpions
  A hound (D:4)
  Jessica (D:2)
  Ijyb (D:4)
  Robin (D:2)
  4 adders
  A gnoll (D:3)
  2 worms
  6 dart slugs
  4 orcs (D:3)
  10 ball pythons
  10 bats
  6 endoplasms
  7 giant cockroaches
  17 goblins
  14 hobgoblins
  6 jackals
  8 kobolds
  3 quokkas
  8 frilled lizards
  8 rats
121 creatures vanquished.

Notes
Turn   | Place    | Note
-------+----------+-------------------------------------------
     0 | D:1      | erloom the Draconian Transmuter began the quest for the
                  | Orb.
     0 | D:1      | Reached XP level 1. HP: 16/16 MP: 3/3
    49 | D:1      | Reached XP level 2. HP: 18/23 MP: 5/5
   215 | D:1      | Found Ityiz's Weapon Emporium.
   250 | D:1      | Reached skill level 4 in Unarmed Combat
   455 | D:1      | Reached XP level 3. HP: 28/28 MP: 6/6
   617 | D:2      | Noticed Robin
   687 | D:2      | Noticed Jessica
   707 | D:2      | Killed Jessica
   708 | D:2      | Reached XP level 4. HP: 18/35 MP: 5/7
   835 | D:2      | Reached skill level 5 in Unarmed Combat
   839 | D:2      | Learned a level 3 spell: Spider Form
  1148 | D:2      | Killed Robin
  1149 | D:2      | Reached skill level 1 in Poison Magic
  1425 | D:3      | Found a white marble altar of Elyvilon.
  1640 | D:3      | Reached XP level 5. HP: 40/40 MP: 6/8
  1687 | D:3      | Found a sacrificial altar of Ru.
  2603 | D:4      | Noticed Ijyb
  2624 | D:3      | Reached XP level 6. HP: 28/47 MP: 7/9
  2710 | D:4      | Killed Ijyb
  2863 | D:4      | Noticed Blork the orc
  2873 | D:4      | Killed Blork the orc
  3352 | D:5      | Entered Level 5 of the Dungeon
  3371 | D:5      | HP: 1/47 [poisoned by a scorpion]
  3375 | D:5      | Succumbed to a scorpion's poison

Illustrated notes

Levels and vault maps discovered:
D:1:      minmay_arrival_hallway, layout_rooms, serial_shops,
          nicolae_shop_bloodbath_and_beyond,
          wander_ebering_terrifying_dragon_lair
D:2:      layout_loops_ring, uniq_robin, uniq_jessica
D:3:      minmay_razor_zed, layout_basic, nicolae_ru_sacrificial_ziggurat,
          mainiacjoe_overflow_boulevard, minmay_pentomino_pile
D:4:      layout_basic, uniq_blork_the_orc, uniq_ijyb
D:5:      layout_loops_ring, nicolae_xom_altar_mimics,
          fedhas_bush_and_centaur_altar, corexii_corridor_pit

Skill      XL: |  1  2  3  4  5  6 |
---------------+-------------------+-----
Unarmed Combat | 4 5 |  5.5
Poison Magic   | 1 2 |  2.0
Transmutations | 4 |  4.1
Spellcasting   | 3 |  3.0
Fighting       | |  1.1
Dodging        | |  1.7

Action                     |  1- 3 |  4- 6 || total
---------------------------+-------+-------++-------
  Melee: Unarmed           |   105 |   252 ||   357
         Tailslap          |     9 |    34 ||    43
         Kick              |       |    20 ||    20
         Headbutt          |       |     9 ||     9
         Punch             |       |     5 ||     5
   Cast: Beastly Appendage |     1 |    15 ||    16
         Spider Form       |       |     1 ||     1
    Use: Potion            |       |     2 ||     2
   Stab: Sleeping          |     1 |     2 ||     3
 Armour: Skin              |    50 |    65 ||   115
  Dodge: Dodged            |    72 |   139 ||   211
  Block: Other             |       |    51 ||    51
         Reflection        |       |     1 ||     1
